AoeStats
← Rafelso

Nomad

505516636Analyzed
3v3 RM · 24d ago on Sep 9, 2026· 59m 55s· 6 players
Game mode
Random Map
Map size
210×210
Population
200
Speed
Normal
Resources
Standard
Victory
Conquest
Starting age
Dark Age
Ending age
Imperial Age
RankedLock teamsTeams togetherTeam positionsShared explorationLock speedFull tech treeHidden civsTurbo modeCheats
Victory
Defeat
🇨🇴 Japanese · Colombia
1650
+12
🇲🇽 Berbers · Mexico
1617
+13
🇲🇽 Mongols · Mexico
1613
+14
🇫🇷 Goths · France
1620
-15
🇫🇷 Franks · France
1616
-15
🇫🇷 Khitans · France
1448
-9
eL|Hooligan
4:36 Loom
13:27 Feudal Age
14:54 Double-Bit Axe
17:48 Castle Age
15:48 Fishing Lines
18:18 Town Watch
25:26 Fletching
34:59 Ballistics
36:30 Bodkin Arrow
36:36 Padded Archer Armor
41:17 Imperial Age
39:03 Gold Mining
39:04 Stone Mining
39:43 Husbandry
39:53 Bloodlines
41:05 Leather Archer Armor
40:47 Murder Holes
43:01 Bracer
45:24 Conscription
45:22 Bloodlines
44:32 Light Cavalry
45:24 Forging
45:20 Scale Barding Armor
45:38 Light Cavalry
48:16 Chain Barding Armor
51:14 Chemistry
50:07 Gillnets
51:00 Horse Collar
53:00 Wheelbarrow
55:12 Chain Barding Armor
55:53 Masonry
55:06 Hussar
58:25 Hand Cart
59:37 Bow Saw
59:28 Heavy Plow
MZTK |Kiss
4:37 Loom
13:56 Feudal Age
14:53 Double-Bit Axe
22:12 Castle Age
20:28 Fletching
20:39 Fishing Lines
22:19 Scale Barding Armor
24:43 Medium Warships
24:29 Bodkin Arrow
24:25 Gillnets
26:13 Forging
31:09 Wheelbarrow
30:19 Town Watch
33:33 Husbandry
34:42 Padded Archer Armor
40:20 Imperial Age
39:06 Hand Cart
39:18 Kasbah
39:49 Bloodlines
41:24 Ballistics
41:49 Chain Barding Armor
40:50 Cavalier
43:08 Gold Mining
44:23 Plate Barding Armor
44:58 Bow Saw
44:29 Horse Collar
45:22 Heavy Plow
45:59 Gold Shaft Mining
47:43 Conscription
47:32 Bracer
48:07 Iron Casting
51:04 Chemistry
50:40 Coinage
52:10 Blast Furnace
51:41 Crop Rotation
51:03 Stone Mining
52:21 Siege Engineers
51:56 Treadmill Crane
51:40 Elite Cannon Galleon
52:30 Maghrebi Camels
54:41 Leather Archer Armor
55:06 Banking
55:37 Masonry
58:22 Ring Archer Armor
57:14 Light Cavalry
57:58 Hussar
MZTK | KaLiuM
5:07 Loom
12:45 Feudal Age
13:32 Town Watch
14:55 Fletching
19:32 Horse Collar
24:15 Double-Bit Axe
40:54 Castle Age
39:03 Stone Mining
40:08 Gold Mining
41:29 Wheelbarrow
43:00 Bow Saw
45:26 Fortified Wall
47:31 Heavy Plow
53:29 Gold Shaft Mining
57:58 Imperial Age
55:47 Hand Cart
56:01 Scale Mail Armor
56:12 Forging
57:12 Chain Mail Armor
58:45 Iron Casting
58:00 Elite Samurai
59:23 Plate Mail Armor
59:31 Kataparuto
59:32 Conscription
PironovskyII
6:16 Loom
15:27 Feudal Age
19:21 Double-Bit Axe
27:01 Castle Age
24:46 Domestication
27:10 Fletching
27:20 Padded Archer Armor
28:35 Elite Skirmisher
30:39 Bodkin Arrow
34:12 Wheelbarrow
34:44 Town Watch
40:01 Imperial Age
41:36 Ballistics
43:48 Bracer
44:30 Scale Mail Armor
46:14 Bow Saw
46:46 Chain Mail Armor
46:41 Forging
48:11 Chemistry
50:11 Scale Barding Armor
50:04 Heavy Camel Rider
52:11 Chain Barding Armor
54:35 Iron Casting
56:35 Plate Barding Armor
56:13 Thumb Ring
Le_groOumf
3:47 Loom
14:56 Feudal Age
19:18 Castle Age
19:15 Double-Bit Axe
20:14 Medium Warships
21:19 Scale Mail Armor
21:32 Bow Saw
24:42 Chain Mail Armor
24:11 Horse Collar
28:42 Forging
29:27 Squires
32:59 Wheelbarrow
35:14 Gold Mining
35:27 Heavy Plow
36:56 Hand Cart
37:58 Iron Casting
39:00 Anarchy
46:41 Imperial Age
47:12 Elite Huskarl
48:51 Man-at-Arms
51:38 Pikeman
53:16 Conscription
52:23 Halberdier
54:28 Crop Rotation
54:20 Perfusion
55:46 Blast Furnace
Rafelso
9:29 Loom
12:41 Feudal Age
13:16 Double-Bit Axe
16:27 Scale Barding Armor
21:07 Wheelbarrow
23:05 Fletching
27:50 Castle Age
26:19 Padded Archer Armor
38:38 Bodkin Arrow
42:17 Bow Saw
43:02 Town Watch
45:38 Hand Cart
59:26 Ballistics
Connection lost

Rejoining the realm…

Still unreachable

The connection could not be restored.

Session expired

The server has moved on; the page needs a fresh start.